Cogmind - Beta 16 @@@ ROGUE MODE // 2025.11.11 @ 14:43:18 Player: C0-2MO Result: Destroyed by S-10 Pest with Light Assault Rifle Performance ------------- Evolutions (0) 0 Regions Visited (2) 400 Robots Destroyed (32) 160 Value Destroyed (773) 773 Prototype IDs (0) 0 Alien Tech Used (0) 0 Bonus (0) 0 TOTAL SCORE: 1333 Bonus ------- None Cogmind --------- Core Integrity 0/250 Matter 273/300 Energy 194/200 System Corruption 3% Temperature Cool (0) Movement Treading (250) Ox1 Location -10/Subcaves Parts ------- > --- POWER (1) -------- Subdweller Power Source > --- PROPULSION (2) --- Light Treads Spiked Treads > --- UTILITY (2) ------ Improved Heat Sink High-capacity Storage Unit > --- WEAPON (2) ------- Subdweller Laser Subdweller Beam Cannon > --- INVENTORY (20) --- Light Ion Engine Subdweller Power Source Light Nuclear Core Wheel Subdweller Monowheel Subdweller Monowheel Subdweller Monowheel Medium Storage Unit Beam Cannon Assault Rifle Light Assault Rifle Light Assault Rifle Light Assault Rifle Subdweller Machine Gun Battle Cannon Grenade Launcher Datajack Mining Laser Multitool Mining Claw Peak State ------------ > --- POWER ------------ Subdweller Power Source > --- PROPULSION ------- Spiked Treads Subdweller Monowheel > --- UTILITY ---------- Improved Heat Sink High-capacity Storage Unit > --- WEAPON ----------- Subdweller Laser Subdweller Beam Cannon > --- INVENTORY -------- Light Ion Engine Subdweller Power Source Light Nuclear Core Light Treads Wheel Compact Wheel Subdweller Monowheel Medium Storage Unit Beam Cannon Assault Rifle Light Assault Rifle Light Assault Rifle Light Assault Rifle Battle Cannon Grenade Launcher Datajack Mining Laser Multitool Mining Claw [Rating: 16] Favorites ----------- Power Subdweller Power Source Engine Subdweller Power Source Propulsion Light Treads Treads Light Treads Wheel Compact Wheel Utility High-capacity Storage Unit Device Improved Heat Sink Storage High-capacity Storage Unit Protection Light Armor Plating Weapon Beam Cannon Energy Gun Subdweller Laser Energy Cannon Beam Cannon Ballistic Gun Light Assault Rifle Launcher Grenade Launcher Slashing Weapon Mining Claw Build | -11 -10 -10 ------- Run | Yrd Mat Sub Slots Evolved . | . . . Power . | . . . Propulsion . | . . . Utility . | . . . Weapon . | . . . Parts Attached 26 | 4 12 10 Power 3 | . . 3 Engine 3 | . . 3 Core . | . . . Reactor . | . . . Propulsion 7 | 2 1 4 Treads 3 | 1 . 2 Leg . | . . . Wheel 4 | 1 1 2 Hover . | . . . Flight . | . . . Utility 6 | . 5 1 Device 1 | . . 1 Storage 3 | . 3 . Processor . | . . . Hackware . | . . . Protection 2 | . 2 . Artifact . | . . . Weapon 10 | 2 6 2 Energy Gun 1 | . . 1 Energy Cannon 2 | . 1 1 Ballistic Gun 5 | 2 3 . Ballistic Cannon . | . . . Launcher 1 | . 1 . Special Weapon . | . . . Impact Weapon . | . . . Slashing Weapon 1 | . 1 . Piercing Weapon . | . . . Special Melee Weapon . | . . . Unidentified Prototypes . | . . . Parts Lost 3 | . 2 1 Power . | . . . Propulsion 1 | . 1 . Utility 2 | . 1 1 Weapon . | . . . Highest Loss Streak 1 | . 1 1 To Critical Strikes . | . . . Average Backups 13 | 2 11 18 Power 2 | . 1 2 Propulsion 2 | 1 2 3 Utility 1 | . 1 1 Weapon 6 | . 4 8 Tool/Special . | . . . Unused Backups 10 | . . 10 Power 2 | . . 2 Propulsion 3 | . . 3 Utility . | . . . Weapon 3 | . . 3 Tool/Special 2 | . . 2 Average Slot Usage (%) 90 | . 86 97 Engine 7 | . 3 14 Treads 16 | . 13 21 Wheel 10 | . 13 6 Storage 13 | . 13 14 Protection 11 | . 12 10 Energy Gun 4 | . . 10 Energy Cannon 9 | . 6 14 Ballistic Gun 10 | . 17 . Slashing Weapon 3 | . 4 3 Peak Build Rating 16 | 4 8 16 Average Rating 8 | 3 7 10 On Entrance 4 | . 4 8 Avg Prop Armor Cover (%) 12 | 21 12 13 Naked Turns . | . . . Heaviest Build 58 | 3 49 58 Greatest Support 40 | 16 16 40 Greatest Overweight (x) 3 | . 3 3 Average Overweight (x) 1 | . 1 2 Largest Inventory Capacity 20 | 5 20 20 Average Capacity 18 | 5 17 20 Most Carried 20 | 5 15 20 Average Carried 13 | 2 11 18 Final Capacity 20 | 5 20 20 Final Carried 20 | 5 15 20 Class Distribution -------------------- 100% | Mutant Dominant Class ---------------- Mutant | -10/Materials Mutant | -10/Subcaves Resources | -11 -10 -10 ----------- Run | Yrd Mat Sub Matter Collected 833 | 248 389 196 Remotely . | . . . Salvage Created 957 | 11 715 231 Parts 82 | 3 61 18 Haulers Intercepted 2 | . 2 . Recyclers Shooed . | . . . Parts Field Recycled . | . . . Retrieved Matter . | . . . Parts Self-Destructed 8 | . . 8 Prevented . | . . . Parts Restored . | . . . Kills | -11 -10 -10 ------- Run | Yrd Mat Sub Combat Hostiles Destroyed 27 | . 22 5 Guns 14 | . 13 1 Cannons 6 | . 3 3 AOE 6 | . 6 . Classes Destroyed 7 | 1 5 1 Worker 1 | . 1 . Tunneler 1 | 1 . . Hauler 2 | . 2 . Watcher 1 | . 1 . Swarmer 9 | . 9 . Grunt 13 | . 13 . Subdweller 5 | . . 5 Best Kill Streak 7 | 1 7 2 Combat Bots Only 6 | . 6 2 Max Kills in Single Turn 3 | 1 3 1 Gunslinging . | . . . Exploded 2 | . 2 . Melee . | . . . Uniques/NPCs Destroyed . | . . . Combat | -11 -10 -10 -------- Run | Yrd Mat Sub Hostile Shots Fired 102 | . 73 29 Missed 24 | . 19 5 Hits 78 | . 54 24 Projectile 78 | . 54 24 Critical Strikes 1 | . . 1 Damage Taken 1128 | . 604 524 Core 256 | . 132 124 Absorbed by Shields . | . . . Regen/Repaired (Parts) 255 | . 255 . Core Remaining (%) 100 | 100 . . Volleys Fired 100 | 3 66 31 Largest 2 | 2 2 2 Hottest 140 | 40 80 140 Shots Fired 171 | 6 117 48 Gun 139 | 6 108 25 Cannon 28 | . 5 23 Launcher 4 | . 4 . Special . | . . . Kinetic 117 | 6 108 3 Thermal 50 | . 5 45 Explosive 4 | . 4 . Electromagnetic . | . . . Robot Hit Streak 25 | 4 20 25 Robot Miss Streak 3 | 1 3 1 Penetration Max . | . . . Secondary Targets 1 | . 1 . Max Gunslinging Chain 1 | . 1 . Shots Hit Robots 113 | 4 78 31 Core Hits 52 | 1 44 7 Critical Kills 1 | . . 1 Critical Parts Destroyed . | . . . Critical Strikes 3 | . . 3 Meltdown 1 | . . 1 Destroy 2 | . . 2 Melee Attacks 8 | . 2 6 Impact . | . . . Slashing 8 | . 2 6 Piercing . | . . . Sneak Attacks . | . . . Combat Hostiles . | . . . Follow-up Attacks . | . . . Damage Inflicted 1768 | 43 1141 584 Guns 1090 | 43 748 299 Cannons 377 | . 92 285 Explosions 301 | . 301 . Melee . | . . . Ramming . | . . . Kinetic 807 | 43 748 16 Thermal 660 | . 92 568 Explosive 301 | . 301 . Electromagnetic . | . . . Impact . | . . . Slashing . | . . . Piercing . | . . . Highest Corruption 3 | . 3 3 Average Corruption 2 | . 2 3 Corruption Purged . | . . . Corruption Blocked . | . . . Effects 22 | . 7 15 Message Errors 4 | . 1 3 Matter Fused 8 | . 3 5 Heat Flow Errors 1 | . . 1 Energy Discharges 5 | . 2 3 Data Loss (minor) 2 | . . 2 Data Loss (major) 2 | . 1 1 Overload Shots . | . . . Overflow Damage . | . . . Projectiles . | . . . Explosions . | . . . Melee . | . . . Knockbacks . | . . . Impact . | . . . Kinetic . | . . . Secondary . | . . . Self-Inflicted Damage . | . . . Shots . | . . . Rammed . | . . . Targets Rammed . | . . . Kicked . | . . . Crushed . | . . . Highest Temperature 230 | . 138 230 Average Temperature 35 | . 25 44 Received Heat Transfer 608 | . 243 365 Siege Activations . | . . . Martial Activations . | . . . Shielding Activations . | . . . Robots Disrupted . | . . . Combat Hostiles . | . . . Robots Corrupted . | . . . Combat Hostiles . | . . . Parts Fried . | . . . Impact Corruptions . | . . . Robots Melted 1 | . . 1 Combat Hostiles 1 | . . 1 Parts Melted 3 | . 1 2 Heat Transferred 1090 | . 185 905 Parts Sabotaged . | . . . Parts Stolen . | . . . Parts Stripped . | . . . Power Chain Reactions . | . . . Alert | -11 -10 -10 ------- Run | Yrd Mat Sub Maximum Alert Level 1 | . 1 . Low Security (%) 41 | 100 39 . Level 1 58 | . 60 . Level 2 . | . . . Level 3 . | . . . Level 4 . | . . . Level 5 . | . . . High Security . | . . . Max Security . | . . . Peak Influence 333 | 5 333 . Initial . | . . . Average 173 | . 179 . Influence Increases 687 | 5 682 . Destroy 0b10 Robot/C 440 | . 440 . Destroy 0b10 Robot/NC 25 | 5 20 . Destroy Leader 76 | . 76 . Successful Hack 8 | . 8 . Select Force Hacks 60 | . 60 . Destroy Structure 33 | . 33 . Lose Combat Pursuer 45 | . 45 . Influence Decreases 687 | 5 467 215 Entered New Map 104 | . . 104 Time Decay 573 | 5 457 111 Lost Part 10 | . 10 . Squads Dispatched 4 | . 4 . Investigation 4 | . 4 . Extermination . | . . . Reinforcement . | . . . Assault . | . . . Garrison . | . . . Intercept . | . . . Searches Triggered . | . . . Construction Impeded . | . . . Haulers Reinforced . | . . . Active Scanning Responses . | . . . Cargo Convoy Interrupts . | . . . Stealth | -11 -10 -10 --------- Run | Yrd Mat Sub Distress Signals 3 | . 3 . Communications Jammed . | . . . Distress Signals . | . . . Times Spotted 41 | . 34 7 Peak Tracking Total 4 | . 4 2 Tactical Retreats 1 | . 1 . Traps | -11 -10 -10 ------- Run | Yrd Mat Sub Traps Triggered 5 | . 5 . Indirectly . | . . . Trap Hack Attempts . | . . . Triggered . | . . . Disarmed . | . . . Reprogrammed . | . . . Reused . | . . . Traps Extracted . | . . . Installed . | . . . Triggered . | . . . Machines | -11 -10 -10 ---------- Run | Yrd Mat Sub Machines Disabled . | . . . Max in Single Turn . | . . . Machines Repaired . | . . . Machines Dismantled . | . . . Machines Sabotaged . | . . . Overloaded Fab Kills . | . . . Hacking | -11 -10 -10 --------- Run | Yrd Mat Sub Machines Accessed 10 | . 9 1 Terminals 6 | . 6 . Fabricators . | . . . Repair Stations 1 | . 1 . Recycling Units 2 | . 2 . Scanalyzers . | . . . Garrison Access . | . . . Total Hacks 29 | . 28 1 Successful 19 | . 18 1 Failed 10 | . 10 . Catastrophic 1 | . 1 . Database Lockouts . | . . . Manual 18 | . 18 . Terminals 18 | . 18 . Fabricators . | . . . Repair Stations 8 | . 8 . Recycling Units 2 | . 2 . Scanalyzers . | . . . Garrison Access . | . . . Terminal Hacks 3 | . 2 1 Robot Analysis 2 | . 2 . Open Door 1 | . . 1 Fabricator Hacks . | . . . Repair Station Hacks 7 | . 7 . Scan Component 3 | . 3 . Repair 3 | . 3 . Refit 1 | . 1 . Recycling Unit Hacks . | . . . Scanalyzer . | . . . Garrison Access Hacks . | . . . Unauthorized Hacks 9 | . 9 . Terminals 7 | . 7 . Botnet 2 | . 2 . Skim 5 | . 5 . Fabricators . | . . . Repair Stations . | . . . Recycling Units 2 | . 2 . Tunnel 2 | . 2 . Scanalyzers . | . . . Garrison Access . | . . . Data Cores Recovered . | . . . Used . | . . . Hacking Detections 7 | . 7 . Full Trace Events . | . . . Feedback Events . | . . . Feedback Blocked . | . . . Robot Schematics Acquired . | . . . Robots Built . | . . . Authchips . | . . . Time . | . . . Total Robot Build Rating . | . . . Part Schematics Acquired . | . . . Parts Built . | . . . Authchips . | . . . Time . | . . . Total Part Build Rating . | . . . Part Studies Acquired . | . . . Parts Repaired 3 | . 3 . Time 78 | . 78 . Parts Recycled . | . . . Recycled Matter . | . . . Retrieved Matter . | . . . Retrieved Components . | . . . Parts Scanalyzed . | . . . Part Schematics Acquired . | . . . Parts Damaged . | . . . Bothacking | -11 -10 -10 ------------ Run | Yrd Mat Sub Used RIF Installer . | . . . Robots Hacked . | . . . Non-combat . | . . . Combat . | . . . Robot Hacks Applied . | . . . Relay Couplers Released . | . . . Fabnet Peak Effective % . | . . . Robots Rewired . | . . . Allies Hacked . | . . . Hacks Repelled . | . . . Allies | -11 -10 -10 -------- Run | Yrd Mat Sub Total Allies . | . . . Largest Group . | . . . Highest-Rated Group . | . . . Highest-Rated Ally . | . . . Total Orders . | . . . Ally Attacks . | . . . Total Damage . | . . . Kills . | . . . Allies Corrupted . | . . . Allies Melted . | . . . Intel | -11 -10 -10 ------- Run | Yrd Mat Sub Active Infowar (turns) . | . . . Robot Analysis Total 2 | . 2 . Derelict Logs Recovered 1 | . . 1 Drone Launches . | . . . Drone Recoveries . | . . . Exploration | -11 -10 -10 ------------- Run | Yrd Mat Sub Turns Passed 2410 | 43 1423 944 Spaces Moved 1091 | 46 685 360 Core 101 | 44 57 . Treads 110 | . . 110 Legs . | . . . Wheels 880 | 2 628 250 Hover . | . . . Flight . | . . . Fastest Speed 50 | 50 50 130 Average Speed 132 | 52 117 171 Slowest Speed 240 | 100 145 240 Overloaded Moves . | . . . Propulsion Burnouts . | . . . Robots Hopped . | . . . Potential Cave-ins . | . . . Cave-ins Triggered . | . . . Exploration Rate (%) 45 | 3 98 34 Regions Visited 2 Branch Regions 1 Pre-discovered Areas 3 | . 3 . Known Exits Taken 1 | . 1 . Unknown Exits Taken 1 | 1 . . Scrap Searched . | . . . Spaces Dug 3 | . 2 1 Terrain Destroyed 38 | . 37 1 Melee 2 | . 2 . Projectile 1 | . . 1 AOE 35 | . 35 . Terrain Rammed . | . . . Walls Destroyed . | . . . Machines Disabled . | . . . Actions | -11 -10 -10 --------- Run | Yrd Mat Sub Total 1871 | 57 1186 628 Wait 610 | . 406 204 Move 1089 | 45 684 360 Hop . | . . . Pick Up 21 | 5 9 7 Fast Attach 11 | 4 6 1 Attach 3 | . 2 1 Detach 3 | . 2 1 Swap 20 | . 8 12 Drop 6 | . 1 5 Fire 100 | 3 66 31 Melee 8 | . 2 6 Ram . | . . . Kick . | . . . Crush . | . . . Escape Stasis . | . . . Rewire . | . . . Trap . | . . . Miscellaneous . | . . . Route ------- -11/Scrapyard -10/Materials (discovered 6 exits: [*Mat x3] / [*Min x2] / *Sub) -10/Subcaves History --------- Turn | Location | Event 2 | -11/Scrapyard | Met Revision 17 15 | -11/Scrapyard | Discovered new exit (range 15) 44 | -11/Scrapyard | Entered Materials 58 | -10/Materials | Discovered new exit (range 11) 312 | -10/Materials | Build established: Mutant 382 | -10/Materials | Discovered new exit (range 7) 687 | -10/Materials | Core integrity fell below 50% 727 | -10/Materials | Discovered new exit (range 7) 863 | -10/Materials | Discovered new exit (range 11) 867 | -10/Materials | Repaired Assault Rifle? 912 | -10/Materials | Discovered new exit (range 3) 992 | -10/Materials | Learned Storage stockpile data 1068 | -10/Materials | Identified exit to Subcaves 1088 | -10/Materials | Repaired Lgt. Armor Plating 1116 | -10/Materials | Repaired Lgt. Treads 1136 | -10/Materials | Learned Storage terminal intel 1195 | -10/Materials | Learned Storage emergency access door positions 1339 | -10/Materials | Learned Materials stockpile data 1467 | -10/Materials | Entered Subcaves 1468 | -10/Subcaves | Approached by a straggling Scientist 1628 | -10/Subcaves | Shifting Twisted Machinery released Sub. Monowheel 1632 | -10/Subcaves | Shifting Twisted Machinery released Sub. Power Source 1634 | -10/Subcaves | Learned Materials trap positions 2160 | -10/Subcaves | Core integrity fell below 20% 2184 | -10/Subcaves | A swath of the cavern ceiling suddenly collapsed 2411 | -10/Subcaves | Destroyed by S-10 Pest with Light Assault Rifle Last Messages --------------- 02249_ Identified Sub. Beam Cannon. 02252_ Dropped Lgt. Assault Rifle. 02254_ Acquired Beam Cannon. 02287_ Subatomizers dissect the Sub. Optics. 02301_ Dropped Lgt. Treads. 02307_ Dropped Com. Wheel. 02310_ System corrupted: Energy discharge (-74). 02346_ G2-OND(R) suffers critical hit (Meltdown). 02346_ Sub. Power Source melted. 02346_ Disposable Heat Sink melted. 02349_ 49-TWD(R) destroyed. 02359_ Acquired 46 matter. 02363_ Acquired Sub. Machine Gun. 02368_ Dropped Com. Wheel. 02368_ Acquired Sub. Monowheel. 02368_ Acquired 30 matter. 02390_ System corrupted: Matter fused (-10). 02408_ System corrupted: Matter fused (-7). 02410_ Sub. Laser shoots sparks and powers down. Map ----- +----------------------------------------------------+ | ?????????????#= ## # ##?????????????? | | ?????????????# * #####&*& #??????????????? | | ?????????????## #???### #??????????????? | | ??????????????# ?????# ##??????????????? | | ??????????????# ?????# ###???????????????? | | ??????????????# ?????## # ##????????????????? | | ??????????????# ??????### #????????????????? | | ??????????????# ##????????## #????????????????? | | ??????????????# ???????????# ##????????????????? | | ??????????????# ???????????# #????????????????? | | ?????????????? ??????###### ##????????????????? | | ?????????????? ?## ## # # #?????????????????? | | ??????????????# ?# ## ##????????????????? | | ??????????????? ?### #### #*!!#????????????????? | | ????????????????????????## #&&[#????????????????? | | ????????????????????????# ##=##????????????????? | | ????????????????????????# &] #????????????????? | | ?????????????????##?????## #%##????????????????? | | ?????????????????# #????#""" #????????????????? | | ????????????????## #???## " #????????????????? | | ?????????? #### ???# " ##????????????????? | | ?????????? #??# ## #????????????????? | | ????????? #?#""# ##????????????????? | | ????????? ## "" #?????????????????? | | ????????? s ##????????????????? | | ?????????# s@ """""#???????????????? | | ??????????# ###" " #???????????????? | | ??????????# ??#######???????????????? | | ?????????? ????????????????????????? | | ??????????? ????????????????????????? | | ??????????? ?????????????????????????? | | ??????????? ## ## ?????????????????????????? | | ??????????????# ?# ?????????????????????????? | | ??????????????## ??# ?????????????????????????? | | ??????????????? ???# ??????????????????????????? | | ?????????????? ???? ??????????????????????????? | | ???????????????????# ??????????????????????????? | | ???????????????????## ??????????????????????????? | | ???????????????????? ???????????????????????????? | | ????????????????????????????????????????????????? | | ????????????????????????????????????????????????? | | ????????????????????????????????????????????????? | | ????????????????????????????????????????????????? | | ????????????????????????????????????????????????? | | ????????????????????????????????????????????????? | | ????????????????????????????????????????????????? | | ????????????????????????????????????????????????? | | ????????????????????????????????????????????????? | | ????????????????????????????????????????????????? | | ????????????????????????????????????????????????? | +----------------------------------------------------+ Best States ------------- Heat Dissipation 39 Energy Generation 15 Energy Capacity 200 Matter Stores 300 Matter Capacity 300 Sight Range 16 Terrain Scan Density 10 Armor Coverage 150 Evasion (%) 50 Recoil Reduction 2 Item Schematics ----------------- None Robot Schematics ------------------ None Fabricated ------------ Nothing Repaired ---------- Assault Rifle | 28% | -10/Materials Lgt. Armor Plating | 36% | -10/Materials Lgt. Treads | 10% | -10/Materials Studied --------- None Alien Tech Used ----------------- None Achievements -------------- None Challenges ------------ None Game ------ Seed ThermalEnhancedMagmablaster Manual? 0 Play Time 00:18:41 Cumulative 634.1 hours Start 2025.11.11 @ 14:22:24 End 2025.11.11 @ 14:43:18 Sessions 1 Manual Loads 0 Difficulty Rogue Special Mode None Game No. 261 Rogue 261 Adventurer 0 Explorer 0 Win Type - Total 49 Types 21/4/8/3/6/1/0/3/0/3 Lore% 96 Gallery% 88 Achievement% 77 Wizard Run 0 Options --------- Layout 1 ASCII 0 Keyboard 0 Movement Numpad Keybinds 0 Fullscreen 1 Font 24/Smallcaps Map View 50x35 Zoom Use 0% Tactical HUD 1 Map Filters NONE Filters NONE Steam 1 RUN: bc38868d-41f5-4d0b-92be-1a1d60629a4d